AoeStats
← bluetiger74

Arena

510509494Analyzed
4v4 RM · 19h ago on Oct 1, 2026· 29m 13s· 8 players
Game mode
Random Map
Map size
Large (8 player)
Population
200
Speed
Normal
Resources
Standard
Victory
Conquest
Starting age
Dark Age
Ending age
Imperial Age
RankedLock teamsTeams togetherTeam positionsShared explorationLock speedFull tech treeHidden civsTurbo modeCheats
Victory
Defeat
🇨🇳 Shu · China
731
+14
🇹🇼 Cumans · Taiwan
722
+14
🇨🇳 Spanish · China
718
+15
🇧🇷 Georgians · Brazil
716
+15
🇳🇿 Vietnamese · New Zealand
755
-17
🇪🇸 Vikings · Spain
673
-14
🇲🇽 Celts · Mexico
664
-14
🇵🇱 Persians · Poland
661
-13
iiiqq-qwzaa---q
9:43 Feudal Age
10:12 Double-Bit Axe
11:13 Wheelbarrow
12:38 Scale Mail Armor
15:01 Man-at-Arms
22:24 Forging
29:32 Castle Age
Matheus wn8088
3:22 Loom
10:17 Feudal Age
13:05 Double-Bit Axe
14:15 Gold Mining
19:42 Castle Age
21:44 Forging
21:42 Scale Barding Armor
21:44 Stone Mining
bluetiger74
0:38 Loom
14:44 Feudal Age
15:23 Town Watch
15:49 Stone Mining
15:47 Double-Bit Axe
15:49 Horse Collar
16:08 Gold Mining
23:52 Castle Age
22:44 Fletching
22:55 Padded Archer Armor
22:56 Scale Mail Armor
24:01 Pikeman
25:15 Bow Saw
26:18 Elite Skirmisher
26:59 Crossbowman
27:56 Forging
伐木王
0:40 Loom
11:30 Feudal Age
12:28 Gold Mining
12:29 Double-Bit Axe
12:28 Horse Collar
15:15 Stone Mining
20:30 Castle Age
23:04 Stone Shaft Mining
23:12 Bow Saw
24:58 Wheelbarrow
25:54 Padded Archer Armor
27:11 Leather Archer Armor
28:08 Hand Cart
29:34 Husbandry
29:44 Bloodlines
brauxico
12:01 Feudal Age
11:55 Loom
12:54 Double-Bit Axe
14:23 Man-at-Arms
19:52 Castle Age
19:19 Forging
20:06 Long Swordsman
21:11 Stone Mining
22:00 Wheelbarrow
ZigzagSinger667
11:33 Feudal Age
18:10 Castle Age
22:37 Horse Collar
24:42 Man-at-Arms
28:58 Heavy Plow
28:50 Double-Bit Axe
xSlipperyx
0:30 Loom
10:32 Feudal Age
11:48 Wheelbarrow
10:59 Horse Collar
17:21 Padded Archer Armor
patatitoRTILLA
6:06 Loom
12:05 Feudal Age
13:33 Double-Bit Axe
18:10 Castle Age
18:45 Scale Barding Armor
18:51 Forging
19:25 Bow Saw
21:04 Town Watch
21:05 Loom
25:26 Fervor
28:41 Masonry
28:12 Treadmill Crane
Connection lost

Rejoining the realm…

Still unreachable

The connection could not be restored.

Session expired

The server has moved on; the page needs a fresh start.